 Dungeon Crawl Stone Soup version 0.19-a0-1895-g783e625 (webtiles) character file.

99 suicidejoker the Sneak (level 5, -9/35 HPs)
             Began as a Formicid Enchanter on Oct 19, 2016.
             Was an Initiate of Cheibriados.
             Engulfed by a cloud of flame (18 damage)
             ... on level 2 of the Dungeon.
             The game lasted 00:05:56 (2698 turns).

suicidejoker the Sneak (Formicid Enchanter)         Turns: 2698, Time: 00:05:56

Health: -9/35      AC:  3    Str: 13    XL:     5   Next: 2%
Magic:  8/8        EV: 12    Int: 16    God:    Cheibriados [......]
Gold:   62         SH:  0    Dex: 13    Spells: 3 memorised, 3 levels left

rFire  . . .     SeeInvis +     a - +3 dagger
rCold  . . .     Gourm    .     b - +1 robe
rNeg   . . .     Faith    .     (no shield)
rPois  .         Spirit   .     (helmet unavailable)
rElec  .         Reflect  .     (no cloak)
rCorr  .         Harm     .     (no gloves)
MR     .....                    (no boots)
Stlth  +++.......               (no amulet)
                                (no ring)
                                (no ring)

@: very slow
A: permanent stasis, dig shafts and tunnels, four strong arms, antennae 3
a: Dig, Shaft Self, Bend Time, Renounce Religion


You were on level 2 of the Dungeon.
You worshipped Cheibriados.
Cheibriados was noncommittal.
You were very hungry.

You visited 1 branch of the dungeon, and saw 2 of its levels.

You collected 62 gold pieces.

Inventory:

Hand Weapons
 a - a +3 dagger (weapon)
 h - a +0 hunting sling
Missiles
 i - 155 stones (quivered)
Armour
 b - a +1 robe (worn)
Scrolls
 e - 2 scrolls of remove curse
 q - a scroll of magic mapping {unknown}
 r - a scroll of teleportation
 t - a scroll of noise {unknown}
 u - a scroll of enchant armour {unknown}
Potions
 f - a potion of flight
 j - 2 potions of might
 k - a potion of agility {unknown}
 m - a potion of heal wounds
 p - 2 potions of ambrosia
 s - a potion of brilliance {unknown}
Books
 c - a book of Maledictions

   Spells                             Type                      Level
   a - Corona                         Hexes                        1
   b - Ensorcelled Hibernation        Hexes/Ice                    2
   c - Confuse                        Hexes                        3
   d - Tukima's Dance                 Hexes                        3
   e - Dazzling Spray                 Conjuration/Hexes            3
Comestibles
 d - 2 bread rations
 l - 5 fruits
 n - a beef jerky


   Skills:
 + Level 0.2 Fighting
 + Level 1.8 Short Blades
 + Level 2.2 Dodging
 + Level 4.9 Stealth
 + Level 2.5 Spellcasting
 + Level 4.2 Hexes
 + Level 0.6 Ice Magic


You had 3 spell levels left.
You knew the following spells:

 Your Spells              Type           Power        Failure   Level  Hunger
a - Corona                Hex            ###....      4%          1    #......
b - Ensorcelled Hibernat  Hex/Ice        #.....       12%         2    ##.....
c - Confuse               Hex            ###.....     12%         3    ###....


Dungeon Overview and Level Annotations

Branches:
Dungeon (2/15)

Altars:
Cheibriados
Dithmenos


Innate Abilities, Weirdness & Mutations

You are under a permanent stasis effect.
You can dig through walls and to a lower floor.
Your four strong arms can wield two-handed weapons with a shield.
You have a pair of large antennae on your head. (SInv)


Message History

As you read the scroll of identify, it crumbles to dust.
p - 2 potions of ambrosia
As you read the scroll of identify, it crumbles to dust.
f - a potion of flight
As you read the scroll labeled IMUEZU JUKOGG, it crumbles to dust.
It is a scroll of enchant weapon.
Your +1 dagger glows red for a moment.
As you read the scroll of enchant weapon, it crumbles to dust.
Your +2 dagger glows red for a moment.
As you read the scroll labeled VASCHU UTZA, it crumbles to dust.
You feel a strange sense of stasis.
It was a scroll of teleportation.
Okay, then.
Okay, then.
Really walk into a travel-excluded area?
You are engulfed in roaring flames.
Ouch! That really hurt!
* * * LOW HITPOINT WARNING * * *
You are engulfed in roaring flames.
Ouch! That really hurt!
You die...

#####........# #.###......#######
...###.#####.# #.# #......##....#
##.##### #...#### #......##.##.#
....### #.§§# #......##.##.#
##..#.# #§§§# #......##.##..
#..#.# #§§§# #......##.##..
#....#####...######......##.##.#
##.#...§§§.....§§§.#......##..#.<
#......§.§?..$.§@§.#......###.#..
.......§§§?$.$.§§§...............
#...#.#####...#########....##.#..
......# #§§. #..............
.####.# #§§§ #.###....######
....#.# #§§§ #..............
....#.### #.[.#########....######
#######.## #.#>..................
......#..# #...########....#####.


There were no monsters in sight!

Vanquished Creatures
  A gnoll (D:1)
  3 adders (D:2)
  An ooze (D:1)
  A worm (D:2)
  2 dart slugs
  5 bats
  A giant cockroach (D:1)
  7 goblins
  6 hobgoblins
  11 jackals
  4 kobolds
  6 frilled lizards
  3 rats (D:1)
51 creatures vanquished.

Notes
Turn   | Place    | Note
-------+----------+-------------------------------------------
     0 | D:1      | suicidejoker the Formicid Enchanter began the quest for the Orb.
     0 | D:1      | Reached XP level 1. HP: 13/13 MP: 3/3
    53 | D:1      | Reached XP level 2. HP: 4/19 MP: 5/5
    57 | D:1      | Learned a level 2 spell: Ensorcelled Hibernation
   773 | D:1      | Reached XP level 3. HP: 24/24 MP: 6/6
   778 | D:1      | Learned a level 3 spell: Confuse
  1517 | D:1      | Reached XP level 4. HP: 24/30 MP: 2/7
  2113 | D:2      | Found a shadowy altar of Dithmenos.
  2249 | D:2      | Found a snail-covered altar of Cheibriados.
  2252 | D:2      | Became a worshipper of Cheibriados the Contemplative
  2472 | D:2      | Reached XP level 5. HP: 34/35 MP: 8/8
  2698 | D:2      | Engulfed by a cloud of flame

Vault maps used:
D:1:      dpeg_arrival_leaves_temple_mockup
D:2:      lemuel_doored_altar, overflow_temple_1_default, lemuel_flame_loot_1

Skill      XL: |  1  2  3  4 |
---------------+-------------+-----
Stealth        | 4 |  4.9
Hexes          | 4 |  4.2
Dodging        | 2 |  2.2
Fighting       | |  0.2
Short Blades   | |  1.8
Spellcasting   | |  2.5
Ice Magic      | |  0.6

Action                   |  1- 3 |  4- 6 || total
-------------------------+-------+-------++-------
Melee: Dagger            |   125 |    50 ||   175
 Cast: Ensorcelled Hiber |    10 |     7 ||    17
  Use: Scroll            |       |     7 ||     7
 Stab: Sleeping          |    11 |     9 ||    20
  Eat: Chunk             |     2 |     4 ||     6
Armor: Robe              |    32 |     6 ||    38
Dodge: Dodged            |    85 |    35 ||   120
